 Dungeon Crawl Stone Soup version 0.30-a0-728-gc68057be0a (webtiles) character file.

Game seed: 12337733979495446587

8591 Legacy the Fighter (level 11, -10/166 HPs)
             Began as a Minotaur Monk on Feb 1, 2023.
             Was an Elder of Trog.
             Killed from afar by a deep elf pyromancer (36 damage)
             ... with a bolt of fire
             ... on level 11 of the Dungeon.
             The game lasted 00:24:33 (9687 turns).

Legacy the Fighter (Minotaur Monk)                  Turns: 9687, Time: 00:24:33

Health: -10/166    AC: 18    Str: 21    XL:     11   Next: 11%
Magic:  19/19      EV: 14    Int:  7    God:    Trog [****..]
Gold:   1852       SH:  0    Dex: 12    Spells: 10/10 levels left

rFire   . . .      SeeInvis .    O - +3 battleaxe
rCold   . . .      Faith    .    (shield currently unavailable)
rNeg    . . .      Spirit   .    C - +4 ring mail "Cebbozas" {rCorr MP+9 Stlth+}
rPois   .          Reflect  .    (helmet restricted)
rElec   .          Harm     .    n - +2 cloak
rCorr   +          Rampage  .    (no gloves)
Will    .....                    (no boots) Stlth
                                 z - amulet of regeneration
HPRegen 1.27/turn                d - ring of wizardry
MPRegen 0.16/turn                F - +4 ring of protection

@: berserking, studying Ranged Weapons, very quick
A: horns 2, retaliatory headbutt
a: Renounce Religion, Berserk, Trog's Hand, Brothers in Arms


You were on level 11 of the Dungeon.
You worshipped Trog.
Trog was greatly pleased with you.
You visited 2 branches of the dungeon, and saw 12 of its levels.

You collected 1852 gold pieces.

Inventory:

Hand Weapons
 a - a +0 war axe
 O - a +3 battleaxe (weapon)
Armour
 n - a +2 cloak (worn)
 B - a +0 plate armour
 C - the +4 ring mail "Cebbozas" (worn) {rCorr MP+9 Stlth+}
   (You found it on level 6 of the Dungeon)

   MP:        It affects your magic capacity (+9).
   rCorr:     It protects you from acid and corrosion.
   Stlth:     It makes you more stealthy.
 J - +0 acid dragon scales
 M - a +0 kite shield
 P - a scarf of resistance
Jewellery
 d - a ring of wizardry (left hand)
 e - an amulet of faith
 m - a ring of fire
 z - an amulet of regeneration (around neck)
 F - a +4 ring of protection (right hand)
 G - an amulet of the acrobat
Wands
 u - a wand of roots (5)
 y - a wand of flame (25)
 L - a wand of charming (12)
 R - a wand of mindburst (7)
Scrolls
 b - a scroll of acquirement
 f - 3 scrolls of blinking
 h - 3 scrolls of fear
 l - a scroll of fog {unknown}
 o - 3 scrolls of immolation
 p - 5 scrolls of enchant armour
 q - a scroll of enchant weapon {unknown}
 r - 4 scrolls of teleportation
 t - 5 scrolls of poison
 H - 2 scrolls of magic mapping
 I - 3 scrolls of vulnerability
 K - a scroll of amnesia {unknown}
Potions
 c - 2 potions of ambrosia
 g - 2 potions of heal wounds
 i - 4 potions of haste
 j - 2 potions of brilliance {unknown}
 k - a potion of might {unknown}
 s - a potion of berserk rage {unknown}
 v - a potion of mutation {unknown}
 w - 4 potions of attraction
 x - 5 potions of magic
 A - 3 potions of flight
 D - a potion of lignification
 E - a potion of cancellation {unknown}
 N - a potion of invisibility {unknown}
 Q - a potion of curing {unknown}


   Skills:
 * Level 14.7 Fighting
 + Level 4.7 Axes
 * Level 10.5 Armour
 * Level 9.7 Dodging
 - Level 1.5 Stealth


You had 10 spell levels left.
You didn't know any spells.
Your spell library contained the following spells:

 Spells                   Type           Power      Damage    Failure   Level
 Cigotuvi's Dreadful Rot  Necr/Pois/Air  0%         N/A       38%         2
 Poisonous Vapours        Pois/Air       0%         N/A       38%         2
 Call Canine Familiar     Summ           0%         N/A       58%         3
 Mephitic Cloud           Conj/Pois/Air  0%         N/A       58%         3
 Portal Projectile        Hex/Tloc       0%         N/A       58%         3
 Vhi's Electric Charge    Tloc/Air       0%         N/A       58%         3
 Leda's Liquefaction      Hex/Erth       0%         N/A       92%         4
 Arcjolt                  Conj/Air       0%         1d10      99%         5
 Maxwell's Capacitive Co  Air            0%         ∞         100%        8


Dungeon Overview and Level Annotations

Branches:
Dungeon (11/15)            Temple (1/1) D:6            Lair (0/5) D:9
    Orc (0/2) D:9

Altars:
Ashenzari
Dithmenos
Elyvilon
Fedhas
Hepliaklqana
Kikubaaqudgha
Makhleb
Nemelex Xobeh
Qazlal
Trog
Uskayaw
Vehumet
Wu Jian
Xom
Yredelemnul
The Shining One

Annotations:
D:4 3 runed translucent doors, hikkokomori's ghost, amateur MfGl


Innate Abilities, Weirdness & Mutations

You have a pair of horns on your head.
You reflexively headbutt those who attack you in melee.


Message History

You slash the red ugly thing!
The red ugly thing is lightly wounded.
The red ugly thing closely misses you. You furiously retaliate!
You headbutt the red ugly thing!
The deep elf pyromancer casts a spell.
The deep elf pyromancer blinks!
The red ugly thing stings you but does no damage.
You closely miss the red ugly thing.
The red ugly thing is moderately wounded.
The red ugly thing stings you!
You are engulfed in flames!!
The fire elemental hits you. The fire elemental burns you!
You slice the red ugly thing!!
The red ugly thing is severely wounded.
You closely miss the fire elemental.
The red ugly thing stings you but does no damage.
The fire elemental hits you. The fire elemental burns you!
The red ugly thing stings you!
You are engulfed in flames!
The fire elemental hits you. The fire elemental burns you!
* * * LOW HITPOINT WARNING * * *
A red film seems to cover your vision as you go berserk!
You feel yourself moving faster!
You feel mighty! The fire elemental hits you. The fire elemental burns you!
* * * LOW HITPOINT WARNING * * *
The red ugly thing completely misses you.
You furiously retaliate!
You headbutt the red ugly thing!! You slash the red ugly thing!
You feel the power of Trog in you as your rage grows.
You kill the red ugly thing!
Trog accepts your kill.
You slash the fire elemental! The fire elemental hits you.
* * * LOW HITPOINT WARNING * * *
The fire elemental burns you!
* * * LOW HITPOINT WARNING * * *
The deep elf pyromancer casts a spell at you.
The bolt of fire misses you.
Unknown command.
The fire elemental barely misses you.
The deep elf pyromancer casts a spell at you.
The bolt of fire hits you!!!
You die...

######...#.#.......###.
#........#.#.......###.
#........#.#...........
########........#.#.......##..
#<.....'......u.#.#.......##..
########........#.#.......##..
#........#.####..####..
#####+#####e..............
.........@................
#........E#.#.#.##..#####.
#......##.#○....^...# #.
#...... #.#.#.#.##..# #.
#...... #.#.#.#.##..# ..
####### #.#.#.#.##..# ..
........##..# #..
#.......).... #..


You could see a deep elf pyromancer and a fire elemental (summoned).

Vanquished Creatures
  A two-headed ogre (D:10)
  An ugly thing (D:11)
  Maggie (D:8)
  A troll (D:9)
  3 hornets
  4 slime creatures (D:10)
  13 yaks
  A shadow (D:11)
  A wraith (D:10)
  A steam dragon (D:9)
  A water moccasin (D:6)
  3 orc warriors
  2 ice beasts
  A black bear (D:5)
  3 centaurs
  A phantom (D:5)
  3 kobold brigands
  5 bullfrogs
  3 necrophages
  A gnoll sergeant (D:9)
  3 scorpions
  5 wights (D:9)
  7 killer bees (D:9)
  3 howler monkeys
  2 hounds
  A jelly (D:8)
  A gnoll bouda (D:7)
  5 orc priests
  3 iguanas
  10 orc wizards
  10 adders
  11 gnolls
  A shadow imp (D:6)
  A white imp (D:8)
  2 ufetubi
  3 dart slugs
  31 orcs
  4 endoplasms
  2 goblins
  5 hobgoblins
  6 jackals (D:1)
  16 kobolds
  2 quokkas
  5 ball pythons
  2 bats
  15 frilled lizards
  5 rats
211 creatures vanquished.

Vanquished Creatures (others)
  3 plants (D:5)
3 creatures vanquished.

Grand Total: 214 creatures vanquished

Notes
Turn   | Place    | Note
-------+----------+-------------------------------------------
     0 | D:1      | Legacy the Minotaur Monk began the quest for the Orb.
     0 | D:1      | Reached XP level 1. HP: 19/19 MP: 0/0
   185 | D:1      | Reached skill level 4 in Fighting
   223 | D:1      | Reached XP level 2. HP: 20/28 MP: 1/1
   356 | D:1      | Reached skill level 5 in Fighting
   948 | D:2      | Reached XP level 3. HP: 36/36 MP: 2/2
  1288 | D:2      | Found a faded altar of an unknown god.
  1294 | D:2      | Identified a scroll of acquirement
  2064 | D:3      | Reached skill level 6 in Fighting
  2064 | D:3      | Reached XP level 4. HP: 37/44 MP: 3/3
  2104 | D:3      | Found a radiant altar of Vehumet.
  2281 | D:3      | Found a faded altar of an unknown god.
  2286 | D:3      | Found a basalt altar of Yredelemnul.
  2448 | D:3      | Found a hazy altar of Hepliaklqana.
  2448 | D:3      | Found a white marble altar of Elyvilon.
  3051 | D:4      | Found a stormy altar of Qazlal.
  3083 | D:4      | Reached XP level 5. HP: 19/51 MP: 4/4
  3195 | D:4      | Reached skill level 7 in Fighting
  3288 | D:4      | Reached skill level 8 in Fighting
  3421 | D:4      | Acquired 1084 gold pieces
  3439 | D:4      | Found a runed translucent gate.
  3439 | D:4      | Found a runed translucent gate.
  3439 | D:4      | Found a runed translucent gate.
  3480 | D:4      | Noticed an ice beast
  3482 | D:4      | Noticed hikkokomori's ghost (amateur MfGl)
  3632 | D:5      | Entered Level 5 of the Dungeon
  3632 | D:5      | Noticed a phantom
  3674 | D:5      | Reached XP level 6. HP: 34/61 MP: 5/5
  3694 | D:5      | Reached skill level 9 in Fighting
  3967 | D:5      | Found a shimmering altar of Xom.
  4111 | D:5      | Reached skill level 10 in Fighting
  4111 | D:5      | Reached XP level 7. HP: 60/72 MP: 6/6
  4254 | D:5      | Reached skill level 1 in Armour
  4543 | D:6      | Identified the +4 ring mail "Cebbozas" {rCorr MP+9 Stlth+}
  4699 | D:6      | Found a staircase to the Ecumenical Temple.
  4712 | Temple   | Entered the Ecumenical Temple
  4744 | Temple   | Became a worshipper of Trog the Wrathful
  4744 | Temple   | Reached * piety under Trog
  4744 | Temple   | Reached ** piety under Trog
  5080 | D:6      | Reached XP level 8. HP: 70/81 MP: 7/7
  5152 | D:6      | Reached skill level 11 in Fighting
  6018 | D:7      | Found a burning altar of Makhleb.
  6113 | D:7      | Reached skill level 5 in Armour
  6169 | D:7      | Found an ancient bone altar of Kikubaaqudgha.
  6189 | D:7      | Found an ornate altar of the Wu Jian Council.
  6312 | D:7      | Identified the +0 helmet "Wiepoi Rako" {-Tele Will+ Dex+5}
  6485 | D:7      | Reached skill level 5 in Dodging
  6823 | D:8      | Noticed Maggie
  6840 | D:8      | Killed Maggie
  6841 | D:8      | Reached XP level 9. HP: 61/90 MP: 8/8
  6843 | D:8      | Reached skill level 12 in Fighting
  6887 | D:8      | Reached *** piety under Trog
  7299 | D:9      | Noticed a troll
  7322 | D:9      | Killed a troll
  7668 | D:9      | Reached skill level 13 in Fighting
  7677 | D:9      | Reached XP level 10. HP: 101/101 MP: 9/9
  7905 | D:9      | Found a staircase to the Orcish Mines.
  7925 | D:9      | Found a staircase to the Lair.
  7981 | D:9      | Found a blossoming altar of Fedhas.
  8017 | D:9      | Found a sparkling altar of Nemelex Xobeh.
  8619 | D:10     | Entered Level 10 of the Dungeon
  8816 | D:10     | Noticed a two-headed ogre
  8824 | D:10     | Reached skill level 14 in Fighting
  8828 | D:10     | Killed a two-headed ogre
  8828 | D:10     | Reached **** piety under Trog
  8829 | D:10     | Reached skill level 10 in Armour
  9055 | D:10     | Found a large runed translucent door.
  9056 | D:10     | Found a large runed translucent door.
  9072 | D:10     | Found a hide-covered altar of Uskayaw.
  9133 | D:10     | Found a shadowy altar of Dithmenos.
  9141 | D:10     | Reached XP level 11. HP: 111/111 MP: 10/10
  9673 | D:11     | Noticed a deep elf pyromancer
  9674 | D:11     | Noticed a red ugly thing
  9686 | D:11     | Killed a red ugly thing
  9687 | D:11     | Killed from afar by a deep elf pyromancer

Illustrated notes

Levels and vault maps discovered:
D:1:      lightli_arrival_lavapool, layout_loops_ring, minmay_pentomino_q4
D:2:      layout_basic, shapermc_ecumenical_altar_mp_vishouse,
          reono_crystal_passage, dk_noncrumbling_2, kennysheep_generic_room_9
D:3:      layout_basic, nicolae_overflow_ecumenical_swirl,
          gammafunk_temple_overflow_wave, nicolae_vehumet_altar_sigil
D:4:      layout_cave_pools, lemuel_tele_altar, gammafunk_ghost_icy,
          minmay_statues_item
D:5:      layout_basic, kennysheep_mini, minmay_lizard_king
D:6:      layout_gridville, minmay_temple_entry_enclosed_plants
D:7:      layout_basic, mainiacjoe_overflow_concentric_impassable,
          kiku_gazebo_pond_becter, amcnicky_altar_gilded, nicolae_sextant
D:8:      layout_rooms, uniq_maggie
D:9:      nicolae_cairo_tiling_very_big, layout_stronghold,
          nemelex_xobeh_ov_fountains_minmay, nicolae_overflow_hidden_temple,
          orc_0_dummy, minmay_fractal_squares_5
D:10:     layout_cave_pools, jmf_multi_god_temple2, dk_noncrumbling_3,
          chequers_serial_rivers_small_a, corexii_hall_statues_l
D:11:     layout_basic, lemuel_flamethrower_hall
Temple:   hellmonk_temple_forest_ring

Skill      XL: |  1  2  3  4  5  6  7  8  9 10 |
---------------+-------------------------------+-----
Fighting       | 4 5 6 8 10 11 13 14 | 14.7
Armour         | 3 6 8 10 | 10.5
Dodging        | 4 5 7 9 |  9.7
Axes           | 4 |  4.7
Stealth        | |  1.5

Action                     |  1- 3 |  4- 6 |  7- 9 | 10-12 || total
---------------------------+-------+-------+-------+-------++-------
  Melee: Hand axe          |    58 |   108 |   169 |       ||   335
         Headbutt          |    12 |    19 |    42 |    17 ||    90
         Punch             |       |       |     4 |       ||     4
         Battleaxe         |       |       |    67 |    93 ||   160
 Invoke: Berserk           |       |       |     2 |     3 ||     5
  Evoke: Wand              |       |       |    11 |       ||    11
    Use: Scroll            |     5 |     2 |     5 |     5 ||    17
         Potion            |       |     1 |       |     1 ||     2
   Stab: Sleeping          |       |       |     1 |     1 ||     2
 Armour: Robe              |     3 |       |       |       ||     3
         Ring mail         |    29 |     5 |   174 |   132 ||   340
         Chain mail        |       |   105 |       |       ||   105
         Plate armour      |       |       |    23 |       ||    23
  Dodge: Dodged            |    60 |    72 |   220 |   175 ||   527

Table legend: (Time is in decaauts)
 A = Elapsed time spent in this place.
 B = Non-inter-level travel time spent in this place.
 C = Inter-level travel time spent in this place.
 D = Time resting spent in this place.
 E = Time spent auto-exploring this place.
 F = Levels seen in this place.
 G = Mean time per level.
                   A        B        C        D        E       F      G
               +--------+--------+--------+--------+--------+-----+--------+
         Total |   9847 |   7984 |   1863 |    701 |      0 |  12 |  820.6 |
       Dungeon |   9803 |   7950 |   1853 |    701 |      0 |  11 |  891.2 |
        Temple |     43 |     33 |     10 |      0 |      0 |   1 |   43.0 |
               +--------+--------+--------+--------+--------+-----+--------+

Top non-repeatable levels by time:
     D:9: 1403 daAuts
     D:6: 1225 daAuts
     D:2: 1069 daAuts
     D:3: 1038 daAuts
     D:7: 1031 daAuts
     D:1: 940 daAuts
     D:5: 901 daAuts
    D:10: 796 daAuts
     D:4: 594 daAuts
     D:8: 488 daAuts
    D:11: 315 daAuts
  Temple: 43 daAuts
